| TOP OF THE 1ST |
|
Tri-City Dust Devils batting - Pitching for Milwaukee (NYP) Brewers : RHP Cesar Pulido
|
|
Pitching: RHP Cesar Pulido
|
|
|
Batting: RHB Ben Hoffman
|
0-0: Foul Ball, location: 2F 0-1: Ball 1-1: Ball 2-1: Foul Ball, location: 2F 2-2: Foul Ball, location: 2F 2-2: Strikes out looking
|
|
Batting: RHB Eric Erickson
|
0-0: Called Strike 0-1: Swinging Strike 0-2: Strikes out swinging
|
|
Batting: LHB Justin Rankin
|
0-0: Called Strike 0-1: Called Strike 0-2: SINGLE (Groundball, 4MD, EV 103.1 MPH)
|
|
Batting: RHB Deshawn Boseman
|
0-0: Foul Ball, location: 2F 0-1: Ball 1-1: Swinging Strike 1-2: Foul Ball, location: 2F 1-2: Strikes out swinging
|
| Top of the 1st over - 0 runs, 1 hit, 0 errors, 1 left on base; Tri-City 0 - Milwaukee (NYP) 0 |
| BOTTOM OF THE 1ST |
|
Milwaukee (NYP) Brewers batting - Pitching for Tri-City Dust Devils : RHP Roger Watkins
|
|
Pitching: RHP Roger Watkins
|
|
|
Batting: RHB Chris Maul
|
0-0: Swinging Strike 0-1: Ball 1-1: Called Strike 1-2: Strikes out swinging
|
|
Batting: RHB Xiao-shuang Au
|
0-0: Ball 1-0: Ball 2-0: Ball 3-0: Swinging Strike 3-1: Foul Ball, location: 2F 3-2: Strikes out swinging, 2-3 out at first.
|
|
Batting: LHB Fumito Sakurai
|
0-0: Ground out 5-3 (Groundball, 5S, EV 70.6 MPH)
|
| Bottom of the 1st over - 0 runs, 0 hits, 0 errors, 0 left on base; Tri-City 0 - Milwaukee (NYP) 0 |
| TOP OF THE 2ND |
|
Tri-City Dust Devils batting - Pitching for Milwaukee (NYP) Brewers : RHP Cesar Pulido
|
|
Batting: RHB Andy Solorzano
|
0-0: Foul Ball, location: 2F 0-1: Foul Ball, location: 2F 0-2: Foul Ball, location: 2F 0-2: Foul Ball, location: 2F 0-2: Ball 1-2: Fly out, F8 (Flyball, 8RD, EV 88.8 MPH)
|
|
Batting: SHB Cesar Arteaga
|
0-0: Called Strike 0-1: Ball 1-1: Foul Ball, location: 2F 1-2: DOUBLE (Line Drive, 89D, EV 105.6 MPH)
|
|
Batting: RHB Pete Deschamps
|
0-0: Foul Ball, location: 2F 0-1: Ball 1-1: Ground out 3-1 (Groundball, 34, EV 86.2 MPH) Cesar Arteaga to third
|
|
Batting: RHB Joel Vazquez
|
0-0: Called Strike 0-1: Swinging Strike 0-2: Foul Ball, location: 2F 0-2: Strikes out looking
|
| Top of the 2nd over - 0 runs, 1 hit, 0 errors, 1 left on base; Tri-City 0 - Milwaukee (NYP) 0 |
| BOTTOM OF THE 2ND |
|
Milwaukee (NYP) Brewers batting - Pitching for Tri-City Dust Devils : RHP Roger Watkins
|
|
Batting: RHB Alfredo Sena
|
0-0: Called Strike 0-1: Foul Ball, location: 2F 0-2: Foul Ball, location: 2F 0-2: Ball 1-2: Strikes out swinging
|
|
Batting: RHB Ryan Miller
|
0-0: Ground out U3 (Groundball, 34, EV 101.9 MPH)
|
|
Batting: RHB Tristan Smeets
|
0-0: Foul Ball, location: 2F 0-1: Ground out 3-1 (Groundball, 34, EV 85.6 MPH)
|
| Bottom of the 2nd over - 0 runs, 0 hits, 0 errors, 0 left on base; Tri-City 0 - Milwaukee (NYP) 0 |
| TOP OF THE 3RD |
|
Tri-City Dust Devils batting - Pitching for Milwaukee (NYP) Brewers : RHP Cesar Pulido
|
|
Batting: RHB Pleun Smit
|
0-0: Ball 1-0: Ground out 5-3 (Groundball, 56, EV 87.5 MPH)
|
|
Batting: RHB Ben Hoffman
|
0-0: Called Strike 0-1: Ball 1-1: Swinging Strike 1-2: Ball 2-2: Ball 3-2: Base on Balls
|
|
Batting: RHB Eric Erickson
|
0-0: Called Strike Ben Hoffman is caught stealing 2nd base 2-4 0-1: Ball 1-1: Called Strike 1-2: Foul Ball, location: 2F 1-2: Ball 2-2: Foul Ball, location: 2F 2-2: Ground out 3-1 (Groundball, 34, EV 107.5 MPH)
|
| Top of the 3rd over - 0 runs, 0 hits, 0 errors, 0 left on base; Tri-City 0 - Milwaukee (NYP) 0 |
| BOTTOM OF THE 3RD |
|
Milwaukee (NYP) Brewers batting - Pitching for Tri-City Dust Devils : RHP Roger Watkins
|
|
Batting: RHB Jeremy Harden
|
0-0: Ball 1-0: Foul Ball, location: 2F 1-1: Fly out, F9 (Flyball, 9, EV 94.4 MPH)
|
|
Batting: RHB Tony Beaumond
|
0-0: Ball 1-0: Ball 2-0: Called Strike 2-1: Ball 3-1: Foul Ball, location: 2F 3-2: Strikes out swinging
|
|
Batting: RHB Chris Riddel
|
0-0: Ball 1-0: Called Strike 1-1: Foul Ball, location: 2F 1-2: Ball 2-2: Ball 3-2: Strikes out swinging
|
| Bottom of the 3rd over - 0 runs, 0 hits, 0 errors, 0 left on base; Tri-City 0 - Milwaukee (NYP) 0 |
| TOP OF THE 4TH |
|
Tri-City Dust Devils batting - Pitching for Milwaukee (NYP) Brewers : RHP Cesar Pulido
|
|
Batting: LHB Justin Rankin
|
0-0: Ball 1-0: Ball 2-0: Ground out 6-3 (Groundball, 6M, EV 82.5 MPH)
|
|
Batting: RHB Deshawn Boseman
|
0-0: Ball 1-0: Foul Ball, location: 2F 1-1: Called Strike 1-2: SINGLE (Groundball, 56D, EV 106.9 MPH)
|
|
Batting: RHB Andy Solorzano
|
Balk! Deshawn Boseman to second 0-0: Called Strike 0-1: Foul Ball, location: 2F 0-2: Ball 1-2: Ball 2-2: Ball 3-2: SINGLE (Line Drive, 9S, EV 110.0 MPH) Deshawn Boseman to third
|
|
Batting: SHB Cesar Arteaga
|
0-0: Ball 1-0: Foul Ball, location: 2F 1-1: Reached on error, E6 (Groundball, 6MS, EV 71.2 MPH) Deshawn Boseman scores Andy Solorzano to second
|
|
Batting: RHB Pete Deschamps
|
0-0: Foul Ball, location: 2F 0-1: Foul Ball, location: 2F 0-2: Strikes out swinging
|
|
Batting: RHB Joel Vazquez
|
0-0: Swinging Strike 0-1: Ball 1-1: Foul Ball, location: 2F 1-2: Ball 2-2: Ball 3-2: Fly out, F9 (Flyball, 89M, EV 83.1 MPH)
|
| Top of the 4th over - 1 run, 2 hits, 1 error, 2 left on base; Tri-City 1 - Milwaukee (NYP) 0 |
| BOTTOM OF THE 4TH |
|
Milwaukee (NYP) Brewers batting - Pitching for Tri-City Dust Devils : RHP Roger Watkins
|
|
Batting: RHB Chris Maul
|
0-0: Ball 1-0: SINGLE (Groundball, 56D, EV 100.6 MPH)
|
|
Batting: RHB Xiao-shuang Au
|
0-0: Ball 1-0: Called Strike 1-1: Called Strike Chris Maul steals 2nd base 1-2: Strikes out swinging
|
|
Batting: LHB Fumito Sakurai
|
0-0: Called Strike Chris Maul steals 3rd base 0-1: Ball 1-1: Ball 2-1: Ball 3-1: Ground out 3-1 (Groundball, 34, EV 81.2 MPH) Chris Maul scores
|
|
Batting: RHB Alfredo Sena
|
0-0: Foul Ball, location: 2F 0-1: Ball 1-1: Swinging Strike 1-2: Strikes out swinging
|
| Bottom of the 4th over - 1 run, 1 hit, 0 errors, 0 left on base; Tri-City 1 - Milwaukee (NYP) 1 |
| TOP OF THE 5TH |
|
Tri-City Dust Devils batting - Pitching for Milwaukee (NYP) Brewers : RHP Cesar Pulido
|
|
Batting: RHB Pleun Smit
|
0-0: Ball 1-0: Called Strike 1-1: Ball 2-1: Called Strike 2-2: Strikes out swinging
|
|
Batting: RHB Ben Hoffman
|
0-0: Ball 1-0: Foul Ball, location: 2F 1-1: Swinging Strike 1-2: Ball 2-2: Strikes out swinging
|
|
Batting: RHB Eric Erickson
|
0-0: Called Strike 0-1: Foul Ball, location: 2F 0-2: Strikes out swinging
|
| Top of the 5th over - 0 runs, 0 hits, 0 errors, 0 left on base; Tri-City 1 - Milwaukee (NYP) 1 |
| BOTTOM OF THE 5TH |
|
Milwaukee (NYP) Brewers batting - Pitching for Tri-City Dust Devils : RHP Roger Watkins
|
|
Batting: RHB Ryan Miller
|
0-0: Called Strike 0-1: Called Strike 0-2: Strikes out swinging
|
|
Batting: RHB Tristan Smeets
|
0-0: Swinging Strike 0-1: Ball 1-1: Called Strike 1-2: Strikes out looking
|
|
Batting: RHB Jeremy Harden
|
0-0: Called Strike 0-1: Ball 1-1: Called Strike 1-2: Foul Ball, location: 2F 1-2: Ball 2-2: Ground out 5-3 (Groundball, 56S, EV 89.4 MPH)
|
| Bottom of the 5th over - 0 runs, 0 hits, 0 errors, 0 left on base; Tri-City 1 - Milwaukee (NYP) 1 |
| TOP OF THE 6TH |
|
Tri-City Dust Devils batting - Pitching for Milwaukee (NYP) Brewers : RHP Cesar Pulido
|
|
Pitching: RHP Butch Powers
|
|
|
Batting: LHB Justin Rankin
|
0-0: Ball 1-0: Ball 2-0: Foul Ball, location: 2F 2-1: DOUBLE (Line Drive, 9LS, EV 102.5 MPH)
|
|
Batting: RHB Deshawn Boseman
|
0-0: Ball 1-0: Called Strike 1-1: Ball 2-1: Ground out 5-3 (Groundball, 56S, EV 73.1 MPH) Justin Rankin to third
|
|
Batting: RHB Andy Solorzano
|
0-0: Ball 1-0: Ball 2-0: Ground out 4-3 (Groundball, 4, EV 106.9 MPH)
|
|
Batting: SHB Cesar Arteaga
|
0-0: Ball 1-0: Foul Ball, location: 2F 1-1: SINGLE (Line Drive, 34, EV 101.2 MPH) Justin Rankin scores
|
|
Batting: RHB Pete Deschamps
|
0-0: Swinging Strike 0-1: Ball 1-1: Ball 2-1: Called Strike 2-2: Ground out 5-3 (Groundball, 56S, EV 85.0 MPH)
|
| Top of the 6th over - 1 run, 2 hits, 0 errors, 1 left on base; Tri-City 2 - Milwaukee (NYP) 1 |
| BOTTOM OF THE 6TH |
|
Milwaukee (NYP) Brewers batting - Pitching for Tri-City Dust Devils : RHP Roger Watkins
|
|
Batting: RHB Tony Beaumond
|
0-0: Foul Ball, location: 2F 0-1: Called Strike 0-2: SINGLE (Groundball, 4MD, EV 102.5 MPH)
|
|
Batting: RHB Chris Riddel
|
0-0: Ball 1-0: Ball 2-0: Ball 3-0: Base on Balls Tony Beaumond to second
|
|
Batting: RHB Chris Maul
|
0-0: Ball 1-0: Called Strike 1-1: Ball 2-1: Ball 3-1: Swinging Strike 3-2: Foul Ball, location: 2F 3-2: Base on Balls Tony Beaumond to third Chris Riddel to second
|
|
Batting: RHB Xiao-shuang Au
|
0-0: Ball 1-0: Called Strike 1-1: Swinging Strike 1-2: Foul Ball, location: 2F 1-2: Strikes out looking
|
|
Batting: LHB Fumito Sakurai
|
0-0: Foul Ball, location: 2F 0-1: Ball 1-1: Swinging Strike 1-2: Ball 2-2: Foul Ball, location: 2F 2-2: Strikes out swinging
|
|
Pinch Hitting: LHB Dusty Bryant
|
0-0: Swinging Strike 0-1: Foul Ball, location: 2F 0-2: Ball 1-2: Foul Ball, location: 2F 1-2: Ball 2-2: Ball 3-2: Base on Balls Tony Beaumond scores Chris Riddel to third Chris Maul to second
|
|
Batting: RHB Ryan Miller
|
0-0: Ball 1-0: Swinging Strike 1-1: Foul Ball, location: 2F 1-2: Ground out 4-3 (Groundball, 34, EV 89.4 MPH)
|
| Bottom of the 6th over - 1 run, 1 hit, 0 errors, 3 left on base; Tri-City 2 - Milwaukee (NYP) 2 |
| TOP OF THE 7TH |
|
Tri-City Dust Devils batting - Pitching for Milwaukee (NYP) Brewers : RHP Butch Powers
|
|
Now in CF: Michael Dickerson
|
|
|
Pinch Hitting: LHB Paul Collins
|
0-0: Ball 1-0: Foul Ball, location: 2F 1-1: Called Strike 1-2: Strikes out swinging
|
|
Pinch Hitting: LHB Bobby Gambrell
|
0-0: Ball 1-0: Ball 2-0: Ball 3-0: Called Strike 3-1: Called Strike 3-2: Base on Balls
|
|
Batting: RHB Ben Hoffman
|
0-0: Ball Bobby Gambrell is caught stealing 2nd base 2-4 1-0: Ball 2-0: Foul Ball, location: 2F 2-1: Foul Ball, location: 2F 2-2: Strikes out swinging
|
| Top of the 7th over - 0 runs, 0 hits, 0 errors, 0 left on base; Tri-City 2 - Milwaukee (NYP) 2 |
| BOTTOM OF THE 7TH |
|
Milwaukee (NYP) Brewers batting - Pitching for Tri-City Dust Devils : RHP Roger Watkins
|
|
Now at 2B: Hector Fernandez
|
|
|
Now at 3B: Bobby Gambrell
|
|
|
Now at SS: Cesar Arteaga
|
|
|
Batting: RHB Tristan Smeets
|
0-0: Ball 1-0: SOLO HOME RUN (Flyball, 78XD, EV 107.5 MPH), Distance : 417 ft
|
|
Batting: RHB Jeremy Harden
|
0-0: Ball 1-0: DOUBLE (Flyball, 89XD, EV 105.0 MPH)
|
|
Batting: RHB Tony Beaumond
|
0-0: Called Strike 0-1: Ball 1-1: Ball 2-1: Foul Ball, location: 2F 2-2: Ball 3-2: Strikes out looking
|
|
Pitching: LHP Matt Allert
|
|
|
Batting: RHB Chris Riddel
|
0-0: Ball 1-0: Foul Ball, location: 2F 1-1: Ball 2-1: Ball 3-1: Foul Ball, location: 2F 3-2: Ground out 4-3 (Groundball, 4S, EV 66.2 MPH) Jeremy Harden to third
|
|
Batting: RHB Chris Maul
|
0-0: Ball 1-0: Called Strike 1-1: Called Strike 1-2: Ball 2-2: Ball Wild Pitch! Jeremy Harden scores 3-2: Base on Balls
|
|
Batting: RHB Xiao-shuang Au
|
0-0: Ball Chris Maul steals 2nd base 1-0: Swinging Strike 1-1: Foul Ball, location: 2F 1-2: SINGLE (Groundball, 56D, EV 107.5 MPH) Chris Maul to third Runner from 3rd tries for Home, throw by LF and OUT! 7-2
|
| Bottom of the 7th over - 2 runs, 3 hits, 0 errors, 1 left on base; Tri-City 2 - Milwaukee (NYP) 4 |
| TOP OF THE 8TH |
|
Tri-City Dust Devils batting - Pitching for Milwaukee (NYP) Brewers : RHP Butch Powers
|
|
Pitching: RHP Alejandro Souto
|
|
|
Batting: RHB Eric Erickson
|
0-0: Ball 1-0: Ball 2-0: SINGLE (Line Drive, 6D, EV 97.5 MPH)
|
|
Batting: LHB Justin Rankin
|
0-0: Ball 1-0: Ball 2-0: Ball 3-0: Called Strike 3-1: Base on Balls Eric Erickson to second
|
|
Batting: RHB Deshawn Boseman
|
0-0: Ball 1-0: Grounds into double play, 6-4-3 (Groundball, 6M, EV 104.4 MPH) Eric Erickson to third
|
|
Batting: RHB Andy Solorzano
|
0-0: Called Strike 0-1: Ball 1-1: Ball 2-1: Called Strike 2-2: Foul Ball, location: 2F 2-2: Strikes out swinging
|
| Top of the 8th over - 0 runs, 1 hit, 0 errors, 1 left on base; Tri-City 2 - Milwaukee (NYP) 4 |
| BOTTOM OF THE 8TH |
|
Milwaukee (NYP) Brewers batting - Pitching for Tri-City Dust Devils : LHP Matt Allert
|
|
Batting: LHB Fumito Sakurai
|
0-0: Fly out, F8 (Flyball, 89M, EV 90.0 MPH)
|
|
Batting: RHB Michael Dickerson
|
0-0: Called Strike 0-1: DOUBLE (Line Drive, 9LM, EV 106.9 MPH)
|
|
Batting: RHB Ryan Miller
|
0-0: Foul Ball, location: 2F 0-1: Ball 1-1: Ball 2-1: Foul Ball, location: 2F 2-2: Ground out 5-3 (Groundball, 56S, EV 84.4 MPH)
|
|
Batting: RHB Tristan Smeets
|
0-0: Ball 1-0: Called Strike 1-1: Ball 2-1: Swinging Strike 2-2: Foul Ball, location: 2F 2-2: Ball 3-2: Base on Balls
|
|
Batting: RHB Jeremy Harden
|
0-0: Foul Ball, location: 2F 0-1: Foul Ball, location: 2F 0-2: Ball 1-2: Foul Ball, location: 2F 1-2: SINGLE (Groundball, 56D, EV 100.0 MPH) Michael Dickerson to third Tristan Smeets to second Runner from 3rd tries for Home, SAFE, throw by LF to home
|
|
Pitching: LHP Paul Fuller
|
|
|
Batting: RHB Tony Beaumond
|
0-0: Swinging Strike 0-1: Swinging Strike 0-2: Ball 1-2: Ball 2-2: Strikes out swinging
|
| Bottom of the 8th over - 1 run, 2 hits, 0 errors, 2 left on base; Tri-City 2 - Milwaukee (NYP) 5 |
| TOP OF THE 9TH |
|
Tri-City Dust Devils batting - Pitching for Milwaukee (NYP) Brewers : RHP Alejandro Souto
|
|
Batting: SHB Cesar Arteaga
|
0-0: Swinging Strike 0-1: Ground out U3 (Groundball, 34S, EV 82.5 MPH)
|
|
Batting: RHB Pete Deschamps
|
0-0: Swinging Strike 0-1: Ball 1-1: Called Strike 1-2: Strikes out swinging
|
|
Batting: RHB Hector Fernandez
|
0-0: Ground out 6-3 (Groundball, 6S, EV 78.8 MPH)
|
| Top of the 9th over - 0 runs, 0 hits, 0 errors, 0 left on base; Tri-City 2 - Milwaukee (NYP) 5 |
|